Map: Lerilak Crest

Players

LilDicky

  • Race: Terran Terran
  • League: Diamond

Grobnik

  • Race: Terran Terran
  • League: Diamond

VOD

http://www.twitch.tv/tumescentpie

Description

Time

  • Played on: Dec. 23, 2015, 10:45 p.m.
  • Length: 12:18
Show
View Real Time Build Order
Export as new Build Order

LilDicky Terran 

Build Orders: Mech, Banshee Rush 

Get SALT Encoding   

  12  0:07  SCV  
  13  0:19  SCV  
  14  0:28  Supply Depot  
  14  0:31  SCV  
  15  0:50  SCV  
  15  0:51  Barracks  
  15  0:54  Refinery  
  16  1:02  SCV  
  17  1:14  SCV  
  18  1:26  SCV  
  19  1:39  Supply Depot  
  20  1:40  Marine  
  20  1:42  Orbital Command  
  20  2:03  Marine  
  20  2:07  Factory  
  21  2:11  SCV  
  21  2:14  Command Center  
  22  2:19  Refinery  
  22  2:21  Marine  
  23  2:24  SCV  
  24  2:39  SCV, Marine  
  26  2:51  SCV  
  27  2:52  Factory Tech Lab  
  27  2:53  Starport  
  27  2:57  Marine  
  28  3:03  SCV  
  29  3:15  SCV, Marine  
  30  3:27  SCV  
  30  3:34  Cloaking Field, Engineering Bay, Marine  
  31  3:35  Banshee  
  31  3:39  SCV  
  36  3:50  Orbital Command  
  36  3:51  SCV  
  36  3:54  Supply Depot  
  37  4:01  Marine  
  37  4:02  Factory Tech Lab  
  38  4:10  SCV  
  38  4:12  Orbital Command  
  38  4:21  Siege Tank  
  38  4:23  Banshee  
  44  4:35  Missile Turret  
  44  4:37  SCV  
  45  4:40  SCV  
  45  4:42  Marine  
  47  4:49  SCV  
  48  4:53  Siege Tank  
  51  5:04  SCV  
  52  5:16  SCV  
  52  5:18  Refinery  
  52  5:19  Refinery  
  52  5:21  Supply Depot  
  53  5:22  SCV  
  53  5:23  Banshee  
  53  5:26  Starport  
  53  5:28  Supply Depot  
  57  5:29  Supply Depot  
  45  6:01  Missile Turret  
  45  6:03  SCV x2  
  47  6:08  Banshee  
  47  6:09  Siege Tank, Marine  
  54  6:27  Marine  
  55  6:41  Siege Tank  
  55  6:45  Marine  
  56  6:53  Banshee, Viking  
  55  7:08  Command Center  
  55  7:13  Siege Tank  
  55  7:26  SCV  
  55  7:28  SCV  
  54  7:30  Marine  
  54  7:32  Starport Reactor  
  55  7:38  SCV  
  55  7:39  Factory  
  55  7:40  SCV  
  55  7:41  Factory  
  57  7:49  Supply Depot  
  57  7:50  SCV, Siege Tank  
  61  7:52  SCV  
  61  7:57  Marine  
  63  8:02  SCV, Missile Turret  
  63  8:04  SCV  
  65  8:06  Missile Turret  
  65  8:12  Banshee  
  67  8:13  Viking  
  67  8:14  SCV  
  67  8:15  Marine  
  67  8:17  SCV  
  72  8:22  Siege Tank  
  72  8:25  Factory Tech Lab x2  
  72  8:26  SCV  
  76  8:28  Orbital Command  
  76  8:29  SCV  
  76  8:33  Marine  
  77  8:36  Viking  
  77  8:39  SCV  
  77  8:41  SCV  
  81  8:45  Supply Depot x2, Siege Tank  
  81  8:46  Siege Tank  
  87  8:51  SCV  
  87  8:53  SCV  
  89  9:03  SCV  
  87  9:13  Cyclone  
  90  9:18  Siege Tank  
  90  9:20  Siege Tank  
  96  9:31  SCV  
  96  9:36  SCV  
  96  9:37  Supply Depot  
  98  9:38  SCV  
  98  9:41  Missile Turret  
  98  9:43  SCV  
  103  9:45  Siege Tank  
  103  9:50  Siege Tank  
  106  9:54  Banshee  
  106  9:57  Marine  
  110  10:00  Siege Tank  
  101  10:11  Refinery  
  101  10:14  Refinery, Marine  
  87  10:16  Command Center  
  83  10:27  Refinery  
  83  10:29  Refinery  
  83  10:35  Viking  
  85  10:38  Marine  
  85  10:39  SCV x2, Siege Tank  
  85  10:40  Starport  
  91  10:44  Starport  
  91  10:45  SCV  
  92  10:56  Marine  
  87  11:13  Starport Tech Lab, Starport Reactor  
  84  11:19  Orbital Command  
  82  11:28  Viking x2  
  70  11:46  SCV  
  70  11:51  Missile Turret  
  70  11:54  SCV x2  
  70  11:58  SCV  
Show
View Real Time Build Order
Export as new Build Order

Grobnik Terran 

Build Orders: Reaper Expand, Bio Tank, MMM Bio 

Get SALT Encoding   

  12  0:01  SCV  
  13  0:13  SCV  
  14  0:17  Supply Depot  
  14  0:25  SCV  
  15  0:39  SCV  
  15  0:41  Barracks  
  16  0:47  Refinery  
  16  0:51  SCV  
  17  1:03  SCV  
  18  1:17  SCV  
  19  1:33  Orbital Command  
  19  1:34  Reaper  
  20  1:51  Command Center  
  20  2:00  SCV  
  21  2:04  Refinery  
  21  2:07  Marine  
  22  2:11  Supply Depot  
  22  2:16  SCV  
  22  2:22  Factory  
  23  2:33  Marine  
  24  2:41  SCV  
  25  2:52  Marine  
  25  2:54  SCV  
  27  3:05  Orbital Command  
  27  3:07  Factory Tech Lab  
  27  3:17  Marine  
  28  3:20  SCV  
  28  3:22  Starport  
  28  3:26  Supply Depot  
  29  3:28  Siege Tank  
  32  3:36  Orbital Command  
  32  3:43  SCV  
  32  3:47  Engineering Bay  
  32  4:00  SCV  
  33  4:07  Viking  
  35  4:14  SCV  
  35  4:15  Barracks Reactor, SCV  
  37  4:17  Missile Turret  
  37  4:18  Missile Turret  
  37  4:23  Missile Turret  
  37  4:29  Siege Tank  
  37  4:30  SCV x2  
  42  4:42  SCV x2  
  42  4:54  SCV x2  
  42  4:59  Starport Tech Lab  
  44  5:01  Marine x2  
  44  5:03  Barracks  
  44  5:05  Barracks  
  44  5:06  SCV  
  44  5:07  SCV  
  48  5:10  Supply Depot  
  48  5:12  Supply Depot  
  48  5:21  Siege Tank  
  51  5:25  SCV x2  
  51  5:28  Refinery, Starport Reactor  
  53  5:37  Marine x2  
  53  5:39  Terran Infantry Weapons Level 1  
  55  5:43  Supply Depot x2  
  55  5:44  SCV x2  
  55  5:45  Command Center  
  54  5:57  SCV x2  
  54  6:01  Refinery  
  53  6:09  Marine  
  53  6:10  Barracks Tech Lab, Marine  
  54  6:16  SCV x2  
  55  6:18  Viking  
  55  6:21  Factory Tech Lab  
  53  6:33  Marine x4  
  53  6:46  SCV x2  
  50  6:57  Marine x4  
  50  6:58  SCV x2, Missile Turret, Orbital Command  
  50  6:59  Missile Turret  
  56  7:01  Stimpack  
  56  7:15  Marine  
  53  7:19  SCV x2  
  55  7:25  Marine x3  
  55  7:26  Siege Tank  
  61  7:32  Marine  
  62  7:39  Terran Infantry Armor Level 1  
  62  7:41  Combat Shields  
  62  7:43  Engineering Bay, Marine  
  63  7:44  SCV  
  63  7:45  Armory  
  63  7:49  Orbital Command  
  63  7:50  Marine x2  
  66  7:53  SCV  
  67  8:07  SCV x2  
  69  8:15  Marine x4  
  69  8:19  SCV x3  
  76  8:22  Missile Turret  
  76  8:26  Medivac x2  
  80  8:41  Terran Infantry Weapons Level 2  
  80  8:43  Terran Vehicle Weapons Level 1  
  79  8:52  Refinery  
  79  8:59  Viking  
  78  9:12  Marine x4  
  78  9:13  Viking  
  84  9:18  Siege Tank  
  84  9:24  SCV x3  
  90  9:29  Marine  
  91  9:34  Marine x3  
  94  9:40  Supply Depot  
  94  9:41  Supply Depot  
  94  9:43  Barracks  
  94  9:45  Barracks  
  94  9:47  Barracks x2  
  94  9:50  Marine  
  88  10:05  Marine x3  
  83  10:13  Marine  
  77  10:15  Orbital Command  
  74  10:23  Siege Tank, Marine x3  
  80  10:31  Marine  
  80  10:34  Barracks Reactor x2  
  80  10:35  Barracks Reactor x2  
  78  10:41  Marine x3  
  82  10:42  SCV  
  82  10:43  SCV x2  
  82  10:49  Marine  
  83  10:58  Marine  
  83  11:03  Marine x2  
  81  11:06  Missile Turret  
  81  11:08  Marine  
  80  11:11  Marine x2  
  80  11:12  Marine x3  
  80  11:14  SCV x3  
  80  11:15  Medivac x2  
  80  11:16  Marine  
  93  11:21  Marine  
  94  11:27  Marine x5  
  99  11:35  Marine  
  99  11:36  Marine x5  
  104  11:48  Marine x4  
  115  11:59  Marine x2  
  117  12:02  Command Center  
Tags
 
Add a new tag
Caveats
  • Supply blocks, unpowered buildings, or Contaminate may cause inaccurate times.
  • Supply counts are checked every 10 seconds.